 Dungeon Crawl Stone Soup version 0.29-a0-575-g0dc89cf053 (webtiles) character file.

Game seed: 9274176031637572097

149 tilp the Purveyor of Pain (level 5, -26/38 HPs)
             Began as a Mummy Necromancer on June 12, 2022.
             Was an Initiate of Kikubaaqudgha.
             Killed by an exploding phantom (33 damage)
             ... ignited by their inner flame
             ... on level 3 of the Dungeon.
             The game lasted 00:06:49 (3972 turns).

tilp the Purveyor of Pain (Mummy Necromancer)       Turns: 3972, Time: 00:06:50

Health: -26/38     AC:  2    Str: 11    XL:     5   Next: 9%
Magic:  9/9        EV: 12    Int: 16    God:    Kikubaaqudgha [......]
Gold:   228        SH:  0    Dex: 13    Spells: 2/10 levels left

rFire   x . .      SeeInvis .   a - +1 dagger (speed)
rCold   + . .      Faith    .   (no shield)
rNeg    + + +      Spirit   .   d - +0 robe
rPois   ∞          Reflect  .   (no helmet)
rElec   .          Harm     .   (no cloak)
rCorr   .          Rampage  .   (no gloves)
Will    .....                   (no boots)
Stlth   ++........              (no amulet)
HPRegen 0.12/turn               j - ring of flight
MPRegen 0.11/turn               (no ring)

@: flying
A: cold resistance 1, negative energy resistance 3, torment resistance 2, heat
vulnerability 1, in touch with death 1, no potions
a: Renounce Religion


You were on level 3 of the Dungeon.
You worshipped Kikubaaqudgha.
Kikubaaqudgha was noncommittal.
You visited 1 branch of the dungeon, and saw 4 of its levels.

You collected 228 gold pieces.

Inventory:

Hand Weapons
 a - a +1 dagger of speed (weapon)
Missiles
 b - 107 stones
 g - 2 atropa-tipped darts
 i - 4 poisoned darts (quivered)
Armour
 d - a +0 robe (worn)
 e - a +0 buckler
 m - a +1 leather armour of poison resistance
Jewellery
 j - a ring of flight (left hand)
Wands
 l - a wand of polymorph (6)
Scrolls
 c - a scroll of poison
 f - 2 scrolls of magic mapping
 h - a scroll of fear
 k - a scroll of immolation


   Skills:
 - Level 2.0 Fighting
 - Level 2.0 Dodging
 - Level 2.0 Stealth
 - Level 3.0 Spellcasting
 + Level 5.5 Necromancy


You had 2 spell levels left.
You knew the following spells:

 Your Spells              Type           Power      Damage    Failure   Level
a - Necrotize             Necr           100%       1d9       1%          1
b - Vampiric Draining     Necr           30%        2d8       6%          3
c - Animate Dead          Necr           30%        N/A       19%         4

Your spell library contained the following spells:

 Spells                   Type           Power      Damage    Failure   Level
 Apportation              Tloc           4%         N/A       19%         1
 Summon Small Mammal      Summ           8%         N/A       19%         1
 Poisonous Vapours        Pois/Air       4%         N/A       28%         2
 Agony                    Necr           30%        N/A       47%         5
 Corpse Rot               Necr/Pois/Air  12%        N/A       65%         4


Dungeon Overview and Level Annotations

Branches:
Dungeon (4/15)
 Temple: D:4-7

Altars:
Dithmenos
Elyvilon
Kikubaaqudgha
Nemelex Xobeh
Ru

Shops:
D:1 [*(!(   D:3 =


Innate Abilities, Weirdness & Mutations

You are immune to poison.
Your flesh is cold resistant. (rC+)
You are immune to negative energy. (rN+++)
You are immune to unholy pain and torment.
You are vulnerable to heat. (rF-)
You are in touch with the powers of death.
You do not drink.


Message History

Unknown command.
Aiming: Polymorph
Press: ? - help, Shift-Dir - straight line, f - phantom
Aim: a phantom (not susceptible)
Okay, then.
Unknown command.
As you read the scroll labelled JUOCWO YHUEVULED, it crumbles to dust.
The creatures around you are filled with an inner flame!
It was a scroll of immolation.
The phantom misses you.
Unknown command.
You hit the phantom.
Flame seeps out of the phantom.
The phantom is lightly damaged.
The phantom is engulfed in blazing flames.
Flame seeps out of the phantom.
The phantom hits you.
The phantom blinks!
You blink.
The phantom attacks as you move away! The phantom barely misses you.
The phantom attacks as you move away! The phantom hits you.
* * * LOW HITPOINT WARNING * * *
Unknown command.
The phantom attacks as you move away! The phantom hits you.
* * * LOW HITPOINT WARNING * * *
Unknown command.
The phantom attacks as you move away! The phantom hits you.
* * * LOW HITPOINT WARNING * * *
The phantom attacks as you move away! The phantom hits you.
* * * LOW HITPOINT WARNING * * *
You barely miss the phantom.
The phantom is severely damaged.
The phantom hits you but does no damage.
You hit the phantom.
Flame seeps out of the phantom.
The phantom is severely damaged.
You hit the phantom but do no damage.
The phantom is severely damaged.
The phantom is engulfed in blazing flames.
Kikubaaqudgha accepts your kill.
The phantom explodes!
The fiery explosion engulfs you!! The fire burns you terribly!
Ouch! That really hurt!
You die...
Kikubaaqudgha rasps: "You have failed me!
Welcome... oblivion!"

#.##..#.##########.......#
#.##.##.# ########.#######
#.##.##.# #..§>....#
#.......# #.#####..#
####.#### #.#####..#
###.######.##.....#
####.#[..........##.##
......#######.#####.#
####.## #...@○§.# ##.#
######### #..# #.## #.#
###.# ..#.# ##..# #..#


There were no monsters in sight!

Vanquished Creatures
  A phantom (D:3)
  An iguana (D:4)
  An orc wizard (D:4)
  3 adders
  2 worms
  2 orcs (D:4)
  4 endoplasms
  3 giant cockroaches
  5 goblins
  5 hobgoblins
  4 jackals (D:2)
  6 kobolds
  7 ball pythons
  2 bats
  4 frilled lizards
  5 rats
55 creatures vanquished.

Vanquished Creatures (collateral kills)
  2 dart slugs (D:1)
  An orc (D:4)
  A ball python (D:2)
4 creatures vanquished.

Vanquished Creatures (others)
  A fungus (D:2)
1 creature vanquished.

Grand Total: 60 creatures vanquished

Notes
Turn   | Place    | Note
-------+----------+-------------------------------------------
     0 | D:1      | tilp the Mummy Necromancer began the quest for the Orb.
     0 | D:1      | Reached XP level 1. HP: 13/13 MP: 4/4
   469 | D:1      | Found Omonuow's Armour Shop.
   469 | D:1      | Found Xucod's Assorted Antiques.
   568 | D:1      | Reached XP level 2. HP: 15/20 MP: 2/5
   861 | D:1      | Reached skill level 1 in Fighting
  1054 | D:1      | Found Neute's Weapon Boutique.
  1255 | D:1      | Found Desenuer's Weapon Boutique.
  1255 | D:1      | Found Syneskoe's Distillery.
  1794 | D:2      | Gained mutation: You are in touch with the powers of death.
                  | [Mummy growth]
  1794 | D:2      | Reached XP level 3. HP: 27/27 MP: 5/7
  2003 | D:2      | Learned a level 3 spell: Vampiric Draining
  2009 | D:2      | Found a faded altar of an unknown god.
  2243 | D:2      | You fall into a shaft and drop 2 floors!
  2877 | D:2      | Reached XP level 4. HP: 33/33 MP: 6/8
  3171 | D:3      | Found Xeudah's Jewellery Shoppe.
  3528 | D:4      | Noticed a phantom
  3606 | D:4      | Reached skill level 5 in Necromancy
  3824 | D:4      | Reached XP level 5. HP: 38/38 MP: 4/9
  3826 | D:4      | Found an ancient bone altar of Kikubaaqudgha.
  3827 | D:4      | Found a sparkling altar of Nemelex Xobeh.
  3827 | D:4      | Found a shadowy altar of Dithmenos.
  3860 | D:4      | Learned a level 4 spell: Animate Dead
  3861 | D:4      | Found a sacrificial altar of Ru.
  3868 | D:4      | Became a worshipper of Kikubaaqudgha
  3972 | D:3      | Killed a phantom
  3972 | D:3      | Killed by an exploding phantom... ignited by their inner
                  | flame

Illustrated notes

Levels and vault maps discovered:
D:1:      dpeg_arrival_water_fire, layout_basic, serial_shops,
          nicolae_shop_bloodbath_and_beyond, shop_fountains, nicolae_shop_trees,
          shop, nicolae_diamond_shop
D:2:      layout_basic, shapermc_ecumenical_altar_mp_urbaneastern
D:3:      layout_loops_cross, elyvilon_altar_3, serial_shops,
          nicolae_shop_temple_entry_statues_fountains, corexii_corridor_pit
D:4:      layout_loops_ring, kennysheep_okawaru_gauntlet,
          grunt_temple_overflow_open, minmay_temple_entry_fiery,
          gammafunk_ghost_cemetery, minmay_misc_feat_tiny

Skill      XL: |  1  2  3  4 |
---------------+-------------+-----
Fighting       | 1 2 |  2.0
Stealth        | 2 |  2.0
Spellcasting   | 3 |  3.0
Dodging        | 2 |  2.0
Necromancy     | 5 |  5.5

Action                   |  1- 3 |  4- 6 || total
-------------------------+-------+-------++-------
Melee: Unarmed           |     3 |       ||     3
       Dagger            |    15 |    17 ||    32
Throw: Stone             |    11 |       ||    11
 Cast: Necrotize         |    65 |    32 ||    97
  Use: Scroll            |     2 |     6 ||     8
Armor: Robe              |     3 |     6 ||     9
Dodge: Dodged            |    12 |    12 ||    24

Table legend: (Time is in decaauts)
 A = Elapsed time spent in this place.
 B = Non-inter-level travel time spent in this place.
 C = Inter-level travel time spent in this place.
 D = Time resting spent in this place.
 E = Time spent auto-exploring this place.
 F = Levels seen in this place.
 G = Mean time per level.
                   A        B        C        D        E       F      G
               +--------+--------+--------+--------+--------+-----+--------+
         Total |   3962 |   3756 |    206 |    387 |   2722 |   4 |  990.5 |
       Dungeon |   3962 |   3756 |    206 |    387 |   2722 |   4 |  990.5 |
               +--------+--------+--------+--------+--------+-----+--------+

Top non-repeatable levels by time:
     D:1: 1756 daAuts
     D:2: 955 daAuts
     D:3: 798 daAuts
     D:4: 451 daAuts
